 Dungeon Crawl Stone Soup version 0.31-a0-521-gc7390f8997 (webtiles) character file.

Game seed: 12684617240913714686

612 Shayle the Ruffian (level 7, 0/62 HPs)
             Began as an Ogre Shapeshifter on Aug 11, 2023.
             Slain by a killer bee (5 damage)
             ... on level 5 of the Dungeon.
             The game lasted 00:15:09 (4307 turns).

Shayle the Ruffian (Ogre Shapeshifter)              Turns: 4307, Time: 00:15:10

Health: 0/62       AC:  4    Str: 20 (22) XL:     7   Next: 44%
Magic:  13/13      EV:  9    Int: 10 (11) God:
Gold:   301        SH:  0    Dex:  8 (9)  Spells: 14/14 levels left

rFire   . . .        r - +5 sling of the Ass {heavy, rElec rPois Str+2}
rCold   . . .        (no shield)
rNeg    . . .        a - +0 animal skin
rPois   +            (helmet currently unavailable)
rElec   +            (cloak currently unavailable)
rCorr   .            (gloves unavailable)
SInv    .            (boots unavailable)
Will    .....        (no amulet)
Stlth   +            (no ring)
HPRegen 0.30/turn    (no ring)
MPRegen 0.13/turn

%: no passive effects
@: beast-form, hasted, unable to read, very quick
A: beast (slay +3), large, unfitting armour, tough skin 1, shaggy fur 1, subdued
magic 1, inability to read after injury 2
a: Begin Untransformation


You were on level 5 of the Dungeon.
You were a hulking beast.
You visited 1 branch of the dungeon, and saw 5 of its levels.
You also visited: Ossuary.

You collected 301 gold pieces.

Inventory:

Hand Weapons
 r - the +5 sling of the Ass (weapon) {heavy, rElec rPois Str+2}
   (You found it on level 3 of the Dungeon)

   Str+2:     It affects your strength (+2).
   rElec:     It insulates you from electricity.
   rPois:     It protects you from poison
Missiles
 A - 6 large rocks
Armour
 a - a +0 animal skin (worn)
Jewellery
 q - a ring of ice
 u - an amulet of the acrobat
 x - a ring of poison resistance
 z - a ring of willpower
Talismans
 c - a beast talisman (active)
 d - a flux talisman
 n - a blade talisman
Scrolls
 b - 2 scrolls of acquirement {unknown}
 e - 2 scrolls of teleportation {unknown}
 f - a scroll of immolation {unknown}
 g - a scroll of noise {unknown}
 i - 5 scrolls of identify {unknown}
 k - a scroll of enchant weapon {unknown}
 l - a scroll of poison {unknown}
 m - a scroll of fog {unknown}
 o - a scroll of fear {unknown}
 t - a scroll of blinking {unknown}
 w - 2 scrolls of enchant armour {unknown}
 y - 3 scrolls of revelation {unknown}
Potions
 j - a potion of haste
 s - 2 potions of enlightenment
 v - 2 potions of curing
 B - a potion of lignification


   Skills:
 - Level 1.3 Fighting
 + Level 1.6 Ranged Weapons
 - Level 1.7 Dodging
 + Level 4.7 Unarmed Combat
 + Level 4.3 Spellcasting
 + Level 4.5 Shapeshifting


You had 14 spell levels left.
You didn't know any spells.
Your spell library contained the following spells:

 Spells                   Type           Power      Damage    Failure   Level
 Apportation              Tloc           2%         N/A       21%         1
 Freeze                   Ice            4%         1d3       21%         1
 Scorch                   Fire           2%         2d5       32%         2
 Frozen Ramparts          Ice            2%         1d1       54%         3
 Hailstorm                Conj/Ice       1%         3d3       54%         3
 Flame Wave               Conj/Fire      1%         2d4       92%         4
 Alistair's Intoxication  Tmut/Pois      0%         N/A       99%         5
 Summon Cactus Giant      Summ           0%         N/A       100%        6


Dungeon Overview and Level Annotations

Branches:
Dungeon (5/15)            Ossuary (visited)
 Temple: D:4-7

Altars:
Makhleb
Nemelex Xobeh
Okawaru
Qazlal
The Shining One

Shops:
D:3 =


Innate Abilities, Weirdness & Mutations

You are a hulking beast.
Your limbs bulge with bestial killing power. (Slay +3)
You are too large for most types of armour.
You have tough skin. (AC +1)
You are covered in fur. (AC +1)
Your spells are a little easier to cast, but a little less powerful.
You sometimes lose the ability to read scrolls when taking damage.


Message History

You shoot a sling bullet. The sling bullet misses the killer bee.
The killer bee barely misses you. The killer bee closely misses you. x2
The killer bee stings you but does no damage.
The killer bee stings you.
You are poisoned.
The killer bee poisons you! The killer bee stings you.
You feel threatened and lose the ability to read scrolls!
You shoot a sling bullet. The sling bullet hits the killer bee.
The killer bee is lightly wounded.
You feel very sick. The killer bee stings you.
You are more poisoned.
The killer bee poisons you! The killer bee barely misses you.
The killer bee misses you. The killer bee stings you. x4
The killer bee misses you. The killer bee stings you. x2
It was a potion of haste.
You feel yourself speed up.
* * * LOW HITPOINT WARNING * * *
You feel very sick. The killer bee closely misses you.
The killer bee stings you but does no damage.
The killer bee barely misses you. The killer bee closely misses you.
It was a potion of magic.
Magic courses through your body.
You feel sick. The killer bee barely misses you. x2
It was a potion of degeneration.
There was something very wrong with that liquid.
You feel weakened.
You feel dopey.
You feel clumsy.
You can read scrolls again.
You feel sick.
The killer bee stings you but does no damage.
The killer bee stings you.
* * * LOW HITPOINT WARNING * * *
It was a potion of curing.
You feel better. The killer bee stings you.
* * * LOW HITPOINT WARNING * * *
The killer bee stings you.
* * * LOW HITPOINT WARNING * * *
The killer bee stings you.
You feel threatened and lose the ability to read scrolls!
* * * LOW HITPOINT WARNING * * *
The killer bee stings you.
You die...

#.# #.### ##...###
#......######
#######...........#
#
#.....[...........#
#
#.................#
#
#...........y.....#
#
#...†......hy.....#
#
#...........†......
#
#..................
#
#.................#
#
#......#####.$....#
# #......# ......#
# #......# ......#
# #......# ......#
######......#####


You could see 2 killer bees.

Vanquished Creatures
  An ice beast (D:5)
  A scorpion (D:4)
  A killer bee (D:5)
  A howler monkey (D:5)
  A hound (D:4)
  2 iguanas (D:4)
  Natasha (thrice) (D:2)
  Robin (D:4)
  A mummy (Ossuary)
  4 gnolls
  2 adders
  A white imp (D:5)
  A dart slug (D:2)
  5 orcs (D:3)
  3 spectral bats (Ossuary)
  9 endoplasms
  A giant cockroach (D:2)
  12 gnoll zombies (Ossuary)
  10 goblins
  12 hobgoblins
  6 jackals
  9 kobolds
  5 quokkas
  4 ball pythons
  8 bats
  2 bat simulacra (Ossuary)
  5 frilled lizards
  5 goblin simulacra (Ossuary)
  8 goblin zombies
  5 hobgoblin zombies (Ossuary)
  2 kobold simulacra (Ossuary)
  6 orc zombies (Ossuary)
  6 rats
  3 rat simulacra (Ossuary)
  3 spectral goblins (Ossuary)
  3 spectral kobolds (Ossuary)
  4 spectral rats (Ossuary)
156 creatures vanquished.

Notes
Turn   | Place    | Note
-------+----------+-------------------------------------------
     0 | D:1      | Shayle the Ogre Shapeshifter began the quest for the Orb.
     0 | D:1      | Reached XP level 1. HP: 19/19 MP: 1/1
   114 | D:1      | Reached XP level 2. HP: 27/27 MP: 3/3
   165 | D:1      | Reached skill level 1 in Spellcasting
   572 | D:1      | Reached XP level 3. HP: 33/33 MP: 4/4
  1235 | D:2      | Reached XP level 4. HP: 22/41 MP: 6/6
  1349 | D:2      | Noticed Natasha
  1361 | D:2      | Killed Natasha
  1439 | D:2      | Noticed Natasha
  1449 | D:2      | Killed Natasha
  1696 | D:2      | Noticed Natasha
  1712 | D:2      | Killed Natasha
  1713 | D:2      | Reached XP level 5. HP: 13/48 MP: 7/9
  1912 | D:3      | Identified the +5 sling of the Ass {heavy, rElec rPois
                  | Str+2}
  1942 | D:3      | Found an iron altar of Okawaru.
  1944 | D:3      | Found a burning altar of Makhleb.
  2023 | D:3      | Found a stormy altar of Qazlal.
  2077 | D:3      | Found Mawiatuw's Jewellery Shoppe.
  2639 | D:4      | Noticed Robin
  2675 | D:4      | Reached XP level 6. HP: 55/55 MP: 9/11
  2725 | D:4      | Found a sparkling altar of Nemelex Xobeh.
  3024 | D:4      | Found a glowing golden altar of the Shining One.
  3210 | D:4      | Killed Robin
  3219 | D:4      | Reached skill level 1 in Ranged Weapons
  3479 | D:5      | Entered Level 5 of the Dungeon
  3721 | D:5      | Found a sand-covered staircase.
  3723 | D:5      | Noticed an ice beast
  3731 | D:5      | Gained mutation: You occasionally lose the ability to read
                  | scrolls when taking damage. [potion of mutation]
  3731 | D:5      | Gained mutation: You sometimes lose the ability to read
                  | scrolls when taking damage. [potion of mutation]
  3731 | D:5      | Gained mutation: Your spells are a little easier to cast,
                  | but a little less powerful. [potion of mutation]
  3731 | D:5      | Gained mutation: You are covered in fur. (AC +1) [potion of
                  | mutation]
  3734 | D:5      | Killed an ice beast
  3735 | D:5      | Reached XP level 7. HP: 33/62 MP: 11/13
  3754 | Ossuary  | Entered an ossuary
  4307 | D:5      | Slain by a killer bee

Illustrated notes

Levels and vault maps discovered:
D:1:      dpeg_arrival_rooms_with_view, layout_loops_cross
D:2:      layout_loops_ring, chequers_serial_rivers_room_b, uniq_natasha
D:3:      layout_loops_ring, lemuel_doored_altar,
          mainiacjoe_overflow_divided_tiny, serial_shops, shop,
          guppyfry_early_lair_pool
D:4:      layout_basic, mainiacjoe_overflow_surrounded_room, tso_altar,
          uniq_robin
D:5:      minmay_clustersquares, layout_basic, minmay_temple_entry_glassed_door,
          enter_ossuary_3

Skill      XL: |  1  2  3  4  5  6 |
---------------+-------------------+-----
Spellcasting   | 1 2 3 4 |  4.3
Unarmed Combat | 3 4 |  4.7
Shapeshifting  | 4 |  4.5
Ranged Weapons | 1 |  1.6
Fighting       | |  1.3
Dodging        | |  1.7

Action                     |  1- 3 |  4- 6 |  7- 9 || total
---------------------------+-------+-------+-------++-------
  Melee: Unarmed           |   148 |    41 |       ||   189
         Punch             |     5 |     1 |       ||     6
   Fire: Sling             |       |    93 |    97 ||   190
    Use: Potion            |       |     4 |     4 ||     8
   Stab: Sleeping          |     1 |       |       ||     1
 Armour: Animal skin       |    50 |    28 |    47 ||   125
         Skin              |       |     2 |       ||     2
  Dodge: Dodged            |    87 |    65 |    62 ||   214

Table legend: (Time is in decaauts)
 A = Elapsed time spent in this place.
 B = Non-inter-level travel time spent in this place.
 C = Inter-level travel time spent in this place.
 D = Time resting spent in this place.
 E = Time spent auto-exploring this place.
 F = Levels seen in this place.
 G = Mean time per level.
                   A        B        C        D        E       F      G
               +--------+--------+--------+--------+--------+-----+--------+
         Total |   4505 |   4410 |     95 |    375 |   2754 |   6 |  750.8 |
       Dungeon |   3907 |   3812 |     95 |    242 |   2730 |   5 |  781.4 |
       Ossuary |    598 |    598 |      0 |    133 |     24 |   1 |  598.0 |
               +--------+--------+--------+--------+--------+-----+--------+

Top non-repeatable levels by time:
     D:2: 1015 daAuts
     D:3: 861 daAuts
     D:4: 855 daAuts
     D:1: 836 daAuts
 Ossuary: 598 daAuts
     D:5: 338 daAuts
